 Dungeon Crawl Stone Soup version 0.30-a0-634-g8abc85282e (webtiles) character file.

Game seed: 10408602792729016982

154 Dartaoz the Chopper (level 5, -7/45 HPs)
             Began as a Hill Orc Monk on Jan 14, 2023.
             Killed from afar by an orc wizard (10 damage)
             ... with a magic dart
             ... on level 3 of the Dungeon.
             The game lasted 00:07:06 (2154 turns).

Dartaoz the Chopper (Hill Orc Monk)                 Turns: 2154, Time: 00:07:06

Health: -7/45      AC: 10    Str: 16    XL:     5   Next: 35%
Magic:  5/5        EV:  7    Int: 10    God:
Gold:   105        SH:  0    Dex: 13    Spells: 4/4 levels left

rFire   . . .      SeeInvis .    a - +0 hand axe
rCold   . . .      Faith    .    (no shield)
rNeg    . . .      Spirit   .    k - +0 chain mail
rPois   .          Reflect  .    j - +0 helmet
rElec   .          Harm     .    (no cloak)
rCorr   .          Rampage  .    e - +0 pair of gloves
Will    .....                    (no boots) Stlth
                                 (no amulet)
HPRegen 0.27/turn                (no ring)
MPRegen 0.09/turn                (no ring)

@: confused
A: no striking features
a: no special abilities


You were on level 3 of the Dungeon.
You visited 1 branch of the dungeon, and saw 3 of its levels.

You collected 105 gold pieces.

Inventory:

Hand Weapons
 a - a +0 hand axe (weapon)
Armour
 b - a +0 robe
 e - a +0 pair of gloves (worn)
 f - a +0 leather armour
 j - a +0 helmet (worn)
 k - a +0 chain mail (worn)
Scrolls
 d - 7 scrolls of identify {unknown}
 g - a scroll of vulnerability {unknown}
 h - a scroll of poison {unknown}
 l - a scroll of immolation {unknown}
 o - a scroll of magic mapping {unknown}
Potions
 i - a potion of mutation {unknown}
 m - a potion of brilliance {unknown}
 n - a potion of curing {unknown}


   Skills:
 - Level 3.6 Fighting
 + Level 7.8 Axes
 - Level 2.4 Dodging
 - Level 1.5 Stealth


You had 4 spell levels left.
You didn't know any spells.
Your spell library contained the following spells:

 Spells                   Type           Power      Damage    Failure   Level
 Freeze                   Ice            0%         1d3       100%        1
 Kiss of Death            Conj/Necr      0%         2d5       100%        1
 Confusing Touch          Hex            0%         N/A       100%        3
 Frozen Ramparts          Ice            0%         1d1       100%        3
 Hailstorm                Conj/Ice       0%         3d3       100%        3
 Summon Guardian Golem    Hex/Summ       0%         N/A       100%        3
 Dispel Undead            Necr           0%         3d6       100%        4
 Orb of Destruction       Conj           0%         9d5       100%        7
 Spellforged Servitor     Conj/Summ      0%         N/A       100%        7


Dungeon Overview and Level Annotations

Branches:
Dungeon (3/15)

Altars:


Message History

Something hits you but does no damage.
You bump into the rock wall.
The orc hits you with a +0 mace. Something hits you.
You bump into the rock wall.
The orc hits you but does no damage. Something hits you.
You closely miss something. You barely miss the orc. The orc barely misses you.
You hear some strange, mumbled words.
You are more confused.
Okay, then.
You are too confused!
You miss something. You closely miss the orc. The orc hits you with a +0 mace.
Something hits you but does no damage.
You bump into the rock wall.
The orc hits you with a +0 mace. Something hits you but does no damage.
You bump into the rock wall.
The orc hits you but does no damage. Something hits you but does no damage.
You bump into the rock wall.
The orc completely misses you. Something hits you but does no damage.
You bump into the rock wall.
The orc hits you but does no damage. Something hits you.
You bump into the rock wall.
You feel less confused. The orc hits you with a +0 mace.
* * * LOW HITPOINT WARNING * * *
Something hits you but does no damage.
You hit something. You hit the orc. The orc barely misses you.
You hear some strange, mumbled words.
You are confused.
You barely miss something. You hit the orc but do no damage.
The orc hits you with a +0 mace.
* * * LOW HITPOINT WARNING * * *
Something hits you.
* * * LOW HITPOINT WARNING * * *
You hit something but do no damage. You completely miss the orc.
The orc hits you with a +0 mace.
* * * LOW HITPOINT WARNING * * *
You hear some strange, mumbled words.
A magic dart appears from out of thin air!
The magic dart hits you!
You die...

##...###.##### ##.##
#.# #.#####.####.#
#...........#
.#####.###### #.# #.#
#### #.# ######.. #.#
#@oo##.#
#######.###{#b##.#
........#...#....#####
######....#####....$.#
#......#....###.#
#.....#.#.##...
##...##... #....
##.########.b.... ..#
#......


You could see 2 orcs and a bat.

Vanquished Creatures
  Natasha (twice) (D:2)
  An orc wizard (D:3)
  2 adders (D:2)
  An orc (D:3)
  2 ball pythons
  5 bats
  7 endoplasms
  4 giant cockroaches
  3 hobgoblins
  2 jackals (D:2)
  8 kobolds
  4 quokkas
  2 frilled lizards
  6 goblins
  6 rats
55 creatures vanquished.

Notes
Turn   | Place    | Note
-------+----------+-------------------------------------------
     0 | D:1      | Dartaoz the Hill Orc Monk began the quest for the Orb.
     0 | D:1      | Reached XP level 1. HP: 19/19 MP: 1/1
   141 | D:1      | Reached XP level 2. HP: 19/26 MP: 2/2
   260 | D:1      | Reached skill level 5 in Axes
   588 | D:1      | Reached XP level 3. HP: 31/31 MP: 3/3
  1035 | D:2      | Noticed Natasha
  1043 | D:2      | Killed Natasha
  1044 | D:2      | Reached skill level 6 in Axes
  1044 | D:2      | Reached XP level 4. HP: 30/39 MP: 4/4
  1422 | D:2      | Noticed Natasha
  1439 | D:2      | Killed Natasha
  1440 | D:2      | Reached skill level 7 in Axes
  1669 | D:2      | Reached XP level 5. HP: 45/45 MP: 5/5
  2154 | D:3      | Killed from afar by an orc wizard

Illustrated notes

Levels and vault maps discovered:
D:1:      amcnicky_arrival_choice, layout_basic, minmay_small_reverse_x
D:2:      layout_basic, uniq_natasha
D:3:      layout_loops_corners, nicolae_overflow_hidden_temple,
          minmay_misc_feat_hallway, kennysheep_generic_room_14, uniq_grinder

Skill      XL: |  1  2  3  4 |
---------------+-------------+-----
Axes           | 5 6 7 |  7.8
Fighting       | |  3.6
Dodging        | |  2.4
Stealth        | |  1.5

Action                   |  1- 3 |  4- 6 || total
-------------------------+-------+-------++-------
Melee: Hand axe          |   112 |   133 ||   245
       Punch             |       |     2 ||     2
  Use: Potion            |       |     1 ||     1
 Stab: Sleeping          |     1 |       ||     1
Armor: Robe              |    10 |       ||    10
       Leather armour    |    11 |       ||    11
       Chain mail        |    18 |   101 ||   119
Dodge: Dodged            |    63 |    35 ||    98

Table legend: (Time is in decaauts)
 A = Elapsed time spent in this place.
 B = Non-inter-level travel time spent in this place.
 C = Inter-level travel time spent in this place.
 D = Time resting spent in this place.
 E = Time spent auto-exploring this place.
 F = Levels seen in this place.
 G = Mean time per level.
                   A        B        C        D        E       F      G
               +--------+--------+--------+--------+--------+-----+--------+
         Total |   2151 |   2132 |     19 |      0 |   1571 |   3 |  717.0 |
       Dungeon |   2151 |   2132 |     19 |      0 |   1571 |   3 |  717.0 |
               +--------+--------+--------+--------+--------+-----+--------+

Top non-repeatable levels by time:
     D:2: 981 daAuts
     D:1: 896 daAuts
     D:3: 272 daAuts
